IL
FRESNO GRIZZLIES @ OMAHA STORM CHASERS
08/11/2044
 
TOP OF THE 1ST
Fresno Grizzlies batting - Pitching for Omaha Storm Chasers : RHP Parker Warr
Pitching: RHP Parker Warr
Batting: RHB Chang-wei Jiang 0-0: Ball
1-0: Called Strike
1-1: Called Strike
1-2: Ball
2-2: Ball
3-2: Ground out 6-3 (Groundball, 6, EV 86.9 MPH)
Batting: LHB Anthony Howie 0-0: Foul Ball, location: 2F
0-1: Swinging Strike
0-2: Strikes out swinging
Batting: RHB Trevor Mock 0-0: Ball
1-0: Ground out 6-3 (Groundball, 6, EV 80.6 MPH)
Top of the 1st over - 0 runs, 0 hits, 0 errors, 0 left on base; Fresno 0 - Omaha 0
BOTTOM OF THE 1ST
Omaha Storm Chasers batting - Pitching for Fresno Grizzlies : LHP Chad Dominey
Pitching: LHP Chad Dominey
Batting: RHB Yuichi Takata 0-0: Called Strike
0-1: DOUBLE (Line Drive, 89XD, EV 105.6 MPH)
Batting: RHB Mikolas Markus 0-0: Foul Ball, location: 2F
0-1: Ball
1-1: Swinging Strike
1-2: Ball
2-2: Foul Ball, location: 2F
2-2: Strikes out swinging
Batting: RHB Nick Ogle 0-0: Ball
1-0: Foul Ball, location: 2F
1-1: Ball
2-1: Foul Ball, location: 2F
2-2: Ball
3-2: Foul Ball, location: 2F
3-2: Base on Balls
Batting: RHB Bob Najar 0-0: Ground out 3-1 (Groundball, 13, EV 86.2 MPH)
Yuichi Takata to third
Nick Ogle to second
Batting: LHB Roman Downey 0-0: Ball
1-0: Foul Ball, location: 2F
1-1: Ball
2-1: SINGLE (Groundball, 4MD, EV 98.1 MPH)
Yuichi Takata scores
Nick Ogle to third
Batting: LHB Justin Rupert 0-0: Ground out 4-3 (Groundball, 4, EV 86.9 MPH)
Bottom of the 1st over - 1 run, 2 hits, 0 errors, 2 left on base; Fresno 0 - Omaha 1
TOP OF THE 2ND
Fresno Grizzlies batting - Pitching for Omaha Storm Chasers : RHP Parker Warr
Batting: LHB Sean Trueblood 0-0: Fly out, F9 (Flyball, 9LM, EV 87.5 MPH)
Batting: RHB Dave Glenn 0-0: Called Strike
0-1: Foul Ball, location: 2F
0-2: SINGLE (Groundball, 4MD, EV 95.0 MPH)
Batting: SHB Troy Kenyon 0-0: Ball
1-0: Swinging Strike
1-1: Foul Ball, location: 2F
1-2: Foul Ball, location: 2F
1-2: Strikes out swinging
Batting: LHB Chris Redding 0-0: Foul Ball, location: 2F
0-1: Swinging Strike
0-2: Ball
1-2: Ball
2-2: Ball
Dave Glenn is caught stealing 2nd base 2-6
Top of the 2nd over - 0 runs, 1 hit, 0 errors, 0 left on base; Fresno 0 - Omaha 1
BOTTOM OF THE 2ND
Omaha Storm Chasers batting - Pitching for Fresno Grizzlies : LHP Chad Dominey
Batting: RHB Chris Cooper 0-0: Foul Ball, location: 2F
0-1: Ground out 4-3 (Groundball, 4, EV 105.0 MPH)
Batting: RHB Joeri Plas 0-0: Called Strike
0-1: Ball
1-1: Ball
2-1: Swinging Strike
2-2: Ball
3-2: Strikes out looking
Batting: RHB Aaron Moore 0-0: Called Strike
0-1: Foul Ball, location: 2F
0-2: Ball
1-2: Ball
2-2: Strikes out swinging
Bottom of the 2nd over - 0 runs, 0 hits, 0 errors, 0 left on base; Fresno 0 - Omaha 1
TOP OF THE 3RD
Fresno Grizzlies batting - Pitching for Omaha Storm Chasers : RHP Parker Warr
Batting: LHB Chris Redding 0-0: Ball
1-0: Foul Ball, location: 2F
1-1: DOUBLE (Line Drive, 9LS, EV 99.4 MPH)
Batting: LHB Alex Alicea 0-0: Called Strike
0-1: Swinging Strike
0-2: Ball
1-2: Ball
2-2: Strikes out swinging
Batting: RHB Tom Carico 0-0: Ball
1-0: DOUBLE (Line Drive, 9LS, EV 102.5 MPH)
Chris Redding scores
Batting: RHB Chang-wei Jiang 0-0: Foul Ball, location: 2F
0-1: Ball
1-1: Ball
Wild Pitch!
Tom Carico to third
2-1: Ground out U3 (Groundball, 34S, EV 80.6 MPH)
Tom Carico scores
Batting: LHB Anthony Howie 0-0: Called Strike
0-1: Fly out, F8 (Flyball, 8RM, EV 89.4 MPH)
Top of the 3rd over - 2 runs, 2 hits, 0 errors, 0 left on base; Fresno 2 - Omaha 1
BOTTOM OF THE 3RD
Omaha Storm Chasers batting - Pitching for Fresno Grizzlies : LHP Chad Dominey
Batting: RHB Yuichi Takata 0-0: Swinging Strike
0-1: SINGLE (Line Drive, 8RS, EV 107.5 MPH)
Batting: RHB Mikolas Markus 0-0: Ball
1-0: Ball
2-0: Called Strike
2-1: DOUBLE (Line Drive, 9LM, EV 106.9 MPH)
Yuichi Takata to third
Runner from 3rd tries for Home, SAFE, throw by RF to trailing runner, SAFE at third!
Batting: RHB Nick Ogle 0-0: Ball
1-0: Called Strike
1-1: Called Strike
1-2: Ground out 6-3 (Groundball, 6, EV 89.4 MPH)
Mikolas Markus scores
Batting: RHB Bob Najar 0-0: Foul Ball, location: 2F
0-1: Fly out, F8 (Flyball, 8LS, EV 85.6 MPH)
Batting: LHB Roman Downey 0-0: Called Strike
0-1: Ground out 5-3 (Groundball, 56, EV 102.5 MPH)
Bottom of the 3rd over - 2 runs, 2 hits, 0 errors, 0 left on base; Fresno 2 - Omaha 3
TOP OF THE 4TH
Fresno Grizzlies batting - Pitching for Omaha Storm Chasers : RHP Parker Warr
Batting: RHB Trevor Mock 0-0: Ball
1-0: Ball
2-0: Foul Ball, location: 2F
2-1: Foul Ball, location: 2F
2-2: Ball
3-2: Foul Ball, location: 2F
3-2: Ground out 5-3 (Groundball, 56, EV 111.2 MPH)
Batting: LHB Sean Trueblood 0-0: Ball
1-0: Ball
2-0: Fly out, F7 (Flyball, 78D, EV 89.4 MPH)
Batting: RHB Dave Glenn 0-0: Foul Ball, location: 2F
0-1: Called Strike
0-2: Strikes out swinging
Top of the 4th over - 0 runs, 0 hits, 0 errors, 0 left on base; Fresno 2 - Omaha 3
BOTTOM OF THE 4TH
Omaha Storm Chasers batting - Pitching for Fresno Grizzlies : LHP Chad Dominey
Batting: LHB Justin Rupert 0-0: Ball
1-0: Ball
2-0: Ball
3-0: Called Strike
3-1: Swinging Strike
3-2: Base on Balls
Batting: RHB Chris Cooper 0-0: Called Strike
0-1: Ball
1-1: Foul Ball, location: 2F
1-2: Strikes out swinging
Batting: RHB Joeri Plas 0-0: Called Strike
0-1: Swinging Strike
0-2: Foul Ball, location: 2F
0-2: Foul Ball, location: 2F
0-2: Foul Ball, location: 2F
0-2: Ball
1-2: Fielders Choice at 2nd, 6-4 (Groundball, 6, EV 86.9 MPH)
Batting: RHB Aaron Moore 0-0: Ball
1-0: Foul Ball, location: 2F
1-1: Foul Ball, location: 2F
1-2: Foul Ball, location: 2F
1-2: Strikes out swinging
Bottom of the 4th over - 0 runs, 0 hits, 0 errors, 1 left on base; Fresno 2 - Omaha 3
TOP OF THE 5TH
Fresno Grizzlies batting - Pitching for Omaha Storm Chasers : RHP Parker Warr
Batting: SHB Troy Kenyon 0-0: Ball
1-0: Foul Ball, location: 2F
1-1: Called Strike
1-2: Ball
2-2: Strikes out swinging
Batting: LHB Chris Redding 0-0: Ball
1-0: Fly out, F7 (Flyball, 78D, EV 96.2 MPH)
Batting: LHB Alex Alicea 0-0: Ball
1-0: Ball
2-0: Foul Ball, location: 2F
2-1: Foul Ball, location: 2F
2-2: Foul Ball, location: 2F
2-2: SOLO HOME RUN (Flyball, 9LD, EV 89.4 MPH), Distance : 334 ft
Batting: RHB Tom Carico 0-0: Reached on error, E6 (Groundball, 6, EV 97.5 MPH)
Batting: RHB Chang-wei Jiang 0-0: Called Strike
0-1: Ball
1-1: Swinging Strike
1-2: SINGLE (Groundball, 4M, EV 96.9 MPH) (infield hit)
Tom Carico to second
Batting: LHB Anthony Howie 0-0: Fly out, F7 (Flyball, 7LS, EV 89.4 MPH)
Top of the 5th over - 1 run, 2 hits, 1 error, 2 left on base; Fresno 3 - Omaha 3
BOTTOM OF THE 5TH
Omaha Storm Chasers batting - Pitching for Fresno Grizzlies : LHP Chad Dominey
Batting: RHB Yuichi Takata 0-0: Ball
1-0: Ball
2-0: Foul Ball, location: 2F
2-1: Ball
3-1: Ground out 4-3 (Groundball, 4, EV 101.2 MPH)
Batting: RHB Mikolas Markus 0-0: Called Strike
0-1: Swinging Strike
0-2: Ball
1-2: Ball
2-2: Strikes out swinging
Batting: RHB Nick Ogle 0-0: Ball
1-0: Fly out, F8 (Flyball, 8RM, EV 90.0 MPH)
Bottom of the 5th over - 0 runs, 0 hits, 0 errors, 0 left on base; Fresno 3 - Omaha 3
TOP OF THE 6TH
Fresno Grizzlies batting - Pitching for Omaha Storm Chasers : RHP Parker Warr
Batting: RHB Trevor Mock 0-0: Called Strike
0-1: Ball
1-1: Ball
2-1: Swinging Strike
2-2: Strikes out swinging
Batting: LHB Sean Trueblood 0-0: Called Strike
0-1: Ball
1-1: Ball
2-1: Ball
3-1: Ground out 6-3 (Groundball, 6S, EV 65.6 MPH)
Batting: RHB Dave Glenn 0-0: Called Strike
0-1: Foul Ball, location: 2F
0-2: Ball
1-2: Ball
2-2: Strikes out swinging
Top of the 6th over - 0 runs, 0 hits, 0 errors, 0 left on base; Fresno 3 - Omaha 3
BOTTOM OF THE 6TH
Omaha Storm Chasers batting - Pitching for Fresno Grizzlies : LHP Chad Dominey
Batting: RHB Bob Najar 0-0: Foul Ball, location: 2F
0-1: Foul Ball, location: 2F
0-2: Ground out 6-3 (Groundball, 56, EV 80.0 MPH)
Batting: LHB Roman Downey 0-0: Ball
1-0: Fly out, F9 (Flyball, 9LM, EV 84.4 MPH)
Batting: LHB Justin Rupert 0-0: Ball
1-0: Fly out, F8 (Flyball, 78M, EV 88.1 MPH)
Bottom of the 6th over - 0 runs, 0 hits, 0 errors, 0 left on base; Fresno 3 - Omaha 3
TOP OF THE 7TH
Fresno Grizzlies batting - Pitching for Omaha Storm Chasers : RHP Parker Warr
Batting: SHB Troy Kenyon 0-0: Ball
1-0: Called Strike
1-1: Hit by Pitch
Batting: LHB Chris Redding 0-0: Called Strike
0-1: Ball
1-1: Bunt missed!
1-2: Foul Ball, location: 2LF, Error on foul ball, E2
1-2: Foul Ball, location: 2F
1-2: Ball
2-2: SINGLE (Groundball, 4MD, EV 93.8 MPH)
Troy Kenyon to second
Pitching: RHP Sergio Quinones
Batting: LHB Alex Alicea 0-0: Hit by Pitch
Troy Kenyon to third
Chris Redding to second
Batting: RHB Tom Carico 0-0: Called Strike
0-1: Ball
1-1: Ball
2-1: Ball
3-1: Fly out, F4 (Popup, 4, EV 57.5 MPH)
Batting: RHB Chang-wei Jiang 0-0: Ball
1-0: Called Strike
1-1: Grounds into fielders choice U2 (Groundball, 13S, EV 75.0 MPH)
Chris Redding to third
Alex Alicea to second
Batting: LHB Anthony Howie 0-0: Ball
1-0: Swinging Strike
1-1: Called Strike
1-2: Ball
2-2: Foul Ball, location: 2F
2-2: Ball
3-2: Foul Ball, location: 2F
3-2: Strikes out swinging
Top of the 7th over - 0 runs, 1 hit, 1 error, 3 left on base; Fresno 3 - Omaha 3
BOTTOM OF THE 7TH
Omaha Storm Chasers batting - Pitching for Fresno Grizzlies : LHP Chad Dominey
Batting: RHB Chris Cooper 0-0: Ball
1-0: Ball
2-0: Called Strike
2-1: Ball
3-1: Called Strike
3-2: Foul Ball, location: 2F
3-2: Foul Ball, location: 2F
3-2: Foul Ball, location: 2F
3-2: SINGLE (Flyball, 4MD, EV 84.4 MPH)
Batting: RHB Joeri Plas 0-0: Ball
Chris Cooper is caught stealing 2nd base 2-4
1-0: Foul Ball, location: 2F
1-1: Foul Ball, location: 2F
1-2: Ground out 4-3 (Groundball, 4, EV 105.6 MPH)
Batting: RHB Aaron Moore 0-0: Called Strike
0-1: TRIPLE (Flyball, 89XD, EV 96.2 MPH)
Pitching: RHP Harry Christopher
Batting: RHB Yuichi Takata 0-0: Foul Ball, location: 2F
0-1: Ball
1-1: SINGLE (Groundball, 25, EV 72.5 MPH) (infield hit)
Aaron Moore scores
Batting: RHB Mikolas Markus 0-0: Ball
1-0: Called Strike
1-1: Ball
2-1: Ball
3-1: Called Strike
Yuichi Takata steals 2nd base (no throw)
3-2: Base on Balls
Batting: RHB Nick Ogle 0-0: Ball
Wild Pitch!
Yuichi Takata to third
Mikolas Markus to second
1-0: Ground out 5-3 (Groundball, 5, EV 94.4 MPH)
Bottom of the 7th over - 1 run, 3 hits, 0 errors, 2 left on base; Fresno 3 - Omaha 4
TOP OF THE 8TH
Fresno Grizzlies batting - Pitching for Omaha Storm Chasers : RHP Sergio Quinones
Pitching: RHP Joe Jordahl
Batting: RHB Trevor Mock 0-0: SINGLE (Line Drive, 56D, EV 95.0 MPH)
Batting: LHB Sean Trueblood 0-0: Foul Ball, location: 2F
0-1: Ground out 6-3 (Groundball, 56S, EV 68.8 MPH)
Trevor Mock to second
Batting: RHB Dave Glenn 0-0: Ball
1-0: Foul Ball, location: 2F
1-1: Ball
2-1: Ball
3-1: SINGLE (Groundball, 56S, EV 66.2 MPH) (infield hit)
Trevor Mock to third
Batting: SHB Troy Kenyon 0-0: Called Strike
0-1: Foul Ball, location: 2F
0-2: Fly out, F9 (Flyball, 9S, EV 93.8 MPH)
Pitching: LHP Chris Eaker
Batting: LHB Chris Redding 0-0: Called Strike
0-1: Ball
1-1: 3-RUN HOME RUN (Flyball, 9LD, EV 93.1 MPH), Distance : 339 ft
Batting: LHB Alex Alicea 0-0: Called Strike
0-1: Ball
1-1: Called Strike
1-2: Ball
2-2: Foul Ball, location: 2F
2-2: Foul Ball, location: 2F
2-2: Strikes out looking
Top of the 8th over - 3 runs, 3 hits, 0 errors, 0 left on base; Fresno 6 - Omaha 4
BOTTOM OF THE 8TH
Omaha Storm Chasers batting - Pitching for Fresno Grizzlies : RHP Harry Christopher
Batting: RHB Bob Najar 0-0: Swinging Strike
0-1: Foul Ball, location: 2F
0-2: Strikes out looking
Batting: LHB Roman Downey 0-0: Ball
1-0: Ball
2-0: Called Strike
2-1: Foul Ball, location: 2F
2-2: Strikes out swinging
Batting: LHB Justin Rupert 0-0: Called Strike
0-1: Foul Ball, location: 2F
0-2: Strikes out swinging
Bottom of the 8th over - 0 runs, 0 hits, 0 errors, 0 left on base; Fresno 6 - Omaha 4
TOP OF THE 9TH
Fresno Grizzlies batting - Pitching for Omaha Storm Chasers : LHP Chris Eaker
Batting: RHB Tom Carico 0-0: Foul Ball, location: 2F
0-1: Ball
1-1: Swinging Strike
1-2: Strikes out looking
Batting: RHB Chang-wei Jiang 0-0: Ball
1-0: Foul Ball, location: 2F
1-1: Foul Ball, location: 2F
1-2: Foul Ball, location: 2F
1-2: DOUBLE (Flyball, 78XD, EV 98.8 MPH)
Batting: LHB Anthony Howie 0-0: Foul Ball, location: 2F
0-1: Ball
1-1: Ball
2-1: Foul Ball, location: 2F
2-2: Foul Ball, location: 2F
2-2: Foul Ball, location: 2F
2-2: Ball
3-2: Strikes out looking
Batting: RHB Trevor Mock 0-0: Ball
1-0: Fly out, F9 (Flyball, 9LS, EV 90.6 MPH)
Top of the 9th over - 0 runs, 1 hit, 0 errors, 1 left on base; Fresno 6 - Omaha 4
BOTTOM OF THE 9TH
Omaha Storm Chasers batting - Pitching for Fresno Grizzlies : RHP Harry Christopher
Pitching: RHP Jose Guajardo
Batting: RHB Chris Cooper 0-0: Swinging Strike
0-1: Called Strike
0-2: Strikes out swinging
Pinch Hitting: LHB Bill Baconneck 0-0: Ball
1-0: Called Strike
1-1: Foul Ball, location: 2F
1-2: Ball
2-2: Fly out, F9 (Flyball, 9LS, EV 86.2 MPH)
Pinch Hitting: LHB Sam Britt 0-0: Called Strike
0-1: Foul Ball, location: 2F
0-2: Foul Ball, location: 2F
0-2: Foul Ball, location: 2F
0-2: Foul Ball, location: 2F
0-2: Ball
1-2: Ball
2-2: Ball
3-2: Foul Ball, location: 2F
3-2: Foul Ball, location: 2F
3-2: Ground out 6-3 (Groundball, 6MD, EV 91.9 MPH)
Bottom of the 9th over - 0 runs, 0 hits, 0 errors, 0 left on base; Fresno 6 - Omaha 4
Thursday, March 31st , 2022 - OOTP Baseball 22.12 Build 89